 Dungeon Crawl Stone Soup version 0.22.1-6-g1668fe2 (webtiles) character file.

439 Fang the Skirmisher (level 7, -2/44 HPs)
             Began as a Gargoyle Berserker on Feb 7, 2019.
             Was a Priest of Trog.
             Killed by divine providence
             ... invoked by an orc priest
              (13 damage)
             ... on level 4 of the Dungeon.
             The game lasted 00:06:14 (3919 turns).

Fang the Skirmisher (Gargoyle Berserker)            Turns: 3919, Time: 00:06:14

Health: -2/44      AC: 17    Str: 22    XL:     7   Next: 1%
Magic:  7/7        EV:  9    Int:  8    God:    Trog [***...]
Gold:   173        SH:  0    Dex:  9    Spells: 6/6 levels left

rFire    . . .     SeeInvis .   i - +0 war axe
rCold    . . .     Gourm    +   (no shield)
rNeg     + . .     Faith    .   f - +0 chain mail
rPois    ∞         Spirit   .   a - +2 helmet
rElec    +         Reflect  .   (no cloak)
rCorr    +         Harm     .   (no gloves)
MR       .....                  (no boots)
Stlth    ..........             e - amulet of the gourmand
HPRegen  0.14/turn              h - ring of resist corrosion
MPRegen  0.10/turn              (no ring)

@: no status effects
A: negative energy resistance 1, electricity resistance, unbreathing,
petrification resistance, rot immunity, AC +4
a: Berserk, Trog's Hand, Renounce Religion


You were on level 4 of the Dungeon.
You worshipped Trog.
Trog was most pleased with you.
You were completely stuffed.

You visited 1 branch of the dungeon, and saw 4 of its levels.

You collected 173 gold pieces.

Inventory:

Hand Weapons
 i - a +0 war axe (weapon)
Armour
 a - a +2 helmet (worn)
 f - a +0 chain mail (worn)
Jewellery
 e - an amulet of the gourmand (around neck)
 h - a ring of resist corrosion (left hand)
Scrolls
 g - 3 scrolls of identify {unknown}
 k - a scroll of enchant weapon {unknown}
 l - 4 scrolls of random uselessness {unknown}
 m - a scroll of enchant armour {unknown}
 q - 3 scrolls of amnesia {unknown}
 s - a scroll of remove curse {unknown}
Potions
 b - 2 potions of might {unknown}
 d - a potion of degeneration {unknown}
 j - a potion of haste {unknown}
 o - a potion of heal wounds {unknown}
 p - a potion of flight {unknown}
 r - a potion of magic {unknown}
Comestibles
 c - 7 rations
 n - 4 chunks of flesh


   Skills:
 + Level 5.0 Fighting
 + Level 4.1 Axes
 + Level 4.3 Armour
 + Level 3.3 Dodging


You had 6 spell levels left.
You didn't know any spells.
Your spell library was empty.

Dungeon Overview and Level Annotations

Branches:
Dungeon (4/15)
 Temple: D:4-7

Altars:
Elyvilon
Makhleb
Xom
The Shining One


Innate Abilities, Weirdness & Mutations

You are resistant to torment.
Your stone body is resilient. (AC +4)
You are immune to poison.
You resist negative energy. (rN+)
You are resistant to electric shocks. (rElec)
You can survive without breathing.
You are immune to petrification.
You are immune to rotting.


Message History

You are too injured to fight recklessly!
You are too injured to fight recklessly!
You are too injured to fight recklessly!
You are too injured to fight recklessly!
You are too injured to fight recklessly!
You are too injured to fight recklessly!
You are too injured to fight recklessly!
You are too injured to fight recklessly!
You are too injured to fight recklessly!
The orc priest hits you but does no damage.
Things that are here:
a dagger; a robe You closely miss the orc priest.
The orc priest hits you with a flail!
* * * LOW HITPOINT WARNING * * *
You hit the orc priest but do no damage.
The orc priest hits you but does no damage.
You barely miss the orc priest.
The orc priest calls down the wrath of Beogh upon you.
Beogh smites you!
You die...

#..............'
#..............#
####'#####.....#
#....####.....#
#########....#........#
#.......#....#.........
#.......#....#.........
#.....o.#....#.....(...
#.....@.'....#.........
#......†###############
#########


You could see an orc priest.

Vanquished Creatures
  A sky beast (D:3)
  A bullfrog (D:2)
  A howler monkey (D:4)
  An orc priest (D:3)
  2 orc wizards
  6 adders
  3 worms
  2 dart slugs
  2 leopard geckos (D:3)
  13 orcs
  9 giant cockroaches
  6 goblins
  6 hobgoblins
  8 jackals
  6 kobolds
  A quokka (D:2)
  A ball python (D:1)
  9 bats
  5 frilled lizards
  8 rats
91 creatures vanquished.

Notes
Turn   | Place    | Note
-------+----------+-------------------------------------------
     0 | D:1      | Fang the Gargoyle Berserker began the quest for the Orb.
     0 | D:1      | Reached XP level 1. HP: 14/14 MP: 1/1
   277 | D:1      | Reached XP level 2. HP: 17/19 MP: 2/2
   562 | D:1      | Reached XP level 3. HP: 12/23 MP: 3/3
  1384 | D:2      | Reached ** piety under Trog
  1414 | D:2      | Reached XP level 4. HP: 27/29 MP: 4/4
  1513 | D:2      | Found a faded altar of an unknown god.
  1552 | D:2      | Noticed a bullfrog
  1561 | D:2      | Killed a bullfrog
  1561 | D:2      | Reached skill level 4 in Fighting
  1561 | D:2      | Reached XP level 5. HP: 15/33 MP: 5/5
  1754 | D:2      | Found a white marble altar of Elyvilon.
  2485 | D:3      | Found a burning altar of Makhleb.
  2928 | D:3      | Reached XP level 6. HP: 16/39 MP: 6/6
  3165 | D:3      | Found a shimmering altar of Xom.
  3175 | D:3      | Found a shimmering altar of Xom.
  3176 | D:3      | Found a shimmering altar of Xom.
  3176 | D:3      | Found a shimmering altar of Xom.
  3176 | D:3      | Found a shimmering altar of Xom.
  3177 | D:3      | Found a shimmering altar of Xom.
  3177 | D:3      | Found a shimmering altar of Xom.
  3257 | D:3      | Noticed a sky beast
  3272 | D:3      | Killed a sky beast
  3713 | D:3      | Found a glowing golden altar of the Shining One.
  3900 | D:4      | Reached skill level 5 in Fighting
  3910 | D:4      | Reached *** piety under Trog
  3912 | D:4      | Reached XP level 7. HP: 29/44 MP: 7/7
  3919 | D:4      | Killed from afar by an orc priest

Skill      XL: |  1  2  3  4  5  6 |
---------------+-------------------+-----
Axes           | 3 4 |  4.1
Dodging        | 2 3 |  3.3
Armour         | 3 4 |  4.3
Fighting       | 4 5 |  5.0

Action                   |  1- 3 |  4- 6 |  7- 9 || total
-------------------------+-------+-------+-------++-------
Melee: Hand axe          |   117 |       |       ||   117
       War axe           |     6 |   213 |     6 ||   225
Invok: Berserk           |       |     1 |       ||     1
  Eat: Chunk             |    10 |    17 |       ||    27
Armor: Animal skin       |    19 |       |       ||    19
       Chain mail        |    36 |   209 |     2 ||   247
Dodge: Dodged            |    81 |   113 |     1 ||   195
